AA
CAMDEN SAND TIGERS @ SACRAMENTO AMISH
08/03/2059
 
TOP OF THE 1ST
Camden Sand Tigers batting - Pitching for Sacramento Amish : LHP Jeremy Fox
Pitching: LHP Jeremy Fox
Batting: SHB Evan Doyon 0-0: Called Strike
0-1: Foul Ball, location: 2F
0-2: Ball
1-2: SINGLE (Line Drive, 4MD, EV 96.9 MPH)
Batting: RHB Arel Dennis 0-0: Ball
1-0: Ball
2-0: Swinging Strike
2-1: SINGLE (Groundball, 34D, EV 102.5 MPH)
Evan Doyon to second
Runner from 2nd tries for 3rd, SAFE, throw by RF made to third
Batting: RHB Justyn Wylie 0-0: Called Strike
0-1: Ball
1-1: Foul Ball, location: 2F
1-2: Ball
2-2: 3-RUN HOME RUN (Flyball, 78XD, EV 99.4 MPH), Distance : 413 ft
Batting: RHB Cale Bacon 0-0: Called Strike
0-1: Foul Ball, location: 2F
0-2: Ball
1-2: Strikes out swinging
Batting: RHB Joey King 0-0: Ball
1-0: Called Strike
1-1: Swinging Strike
1-2: SINGLE (Groundball, 6S, EV 70.0 MPH) (infield hit)
Batting: RHB Al Schaut 0-0: Called Strike
0-1: Called Strike
0-2: Strikes out swinging
Batting: SHB Jared Manning 0-0: Called Strike
0-1: Ball
1-1: Foul Ball, location: 2F
1-2: Ground out 4-3 (Groundball, 4, EV 83.8 MPH)
Top of the 1st over - 3 runs, 4 hits, 0 errors, 1 left on base; Camden 3 - Sacramento 0
BOTTOM OF THE 1ST
Sacramento Amish batting - Pitching for Camden Sand Tigers : RHP Morgan Butler
Pitching: RHP Morgan Butler
Batting: RHB Stefan Flynn 0-0: SOLO HOME RUN (Line Drive, 7LD, EV 98.8 MPH), Distance : 358 ft
Batting: LHB Logan Laughlin 0-0: Called Strike
0-1: Foul Ball, location: 2F
0-2: Ball
1-2: Ball
2-2: Foul Ball, location: 2F
2-2: SINGLE (Flyball, 7LS, EV 95.6 MPH)
Batting: RHB Blake Allen 0-0: Ball
1-0: SINGLE (Flyball, 4MD, EV 88.1 MPH)
Logan Laughlin to second
Batting: SHB Jackie Smitherman 0-0: Called Strike
0-1: Foul Ball, location: 2F
0-2: Strikes out swinging
Batting: RHB Trinity Gonzalez 0-0: Fly out, F8 (Flyball, 8RM, EV 90.6 MPH)
Batting: SHB Max Gilbert 0-0: Ground out 4-3 (Groundball, 4, EV 81.2 MPH)
Bottom of the 1st over - 1 run, 3 hits, 0 errors, 2 left on base; Camden 3 - Sacramento 1
TOP OF THE 2ND
Camden Sand Tigers batting - Pitching for Sacramento Amish : LHP Jeremy Fox
Batting: LHB Bradley Campbell 0-0: Called Strike
0-1: Ball
1-1: Ball
2-1: Foul Ball, location: 2F
2-2: Foul Ball, location: 2F
2-2: Fly out, F7 (Flyball, 78D, EV 93.8 MPH)
Batting: RHB Sylvester Krantz 0-0: Called Strike
0-1: Ball
1-1: Ball
2-1: Called Strike
2-2: Ball
3-2: Ground out 5-3 (Groundball, 56, EV 105.0 MPH)
Batting: SHB Evan Doyon 0-0: Ball
1-0: Called Strike
1-1: Ball
2-1: SINGLE (Line Drive, 78S, EV 96.9 MPH)
Batting: RHB Arel Dennis 0-0: Called Strike
0-1: SINGLE (Line Drive, 78S, EV 106.9 MPH)
Evan Doyon to second
Runner from 2nd tries for 3rd, OUT! 7-5
Top of the 2nd over - 0 runs, 2 hits, 0 errors, 1 left on base; Camden 3 - Sacramento 1
BOTTOM OF THE 2ND
Sacramento Amish batting - Pitching for Camden Sand Tigers : RHP Morgan Butler
Batting: RHB Cole Boudreaux 0-0: Called Strike
0-1: Swinging Strike
0-2: Ball
1-2: Strikes out swinging
Batting: RHB Gavin Russell 0-0: Called Strike
0-1: Swinging Strike
0-2: Ball
1-2: Fly out, F8 (Line Drive, 8RD, EV 96.9 MPH)
Batting: RHB Steven Bolden 0-0: DOUBLE (Line Drive, 78D, EV 90.0 MPH)
Batting: RHB Stefan Flynn 0-0: Ball
1-0: Ball
2-0: Ball
3-0: Base on Balls
Batting: LHB Logan Laughlin 0-0: Foul Ball, location: 2F
0-1: Ball
1-1: Ground out 1-3 (Groundball, 23, EV 73.1 MPH)
Bottom of the 2nd over - 0 runs, 1 hit, 0 errors, 2 left on base; Camden 3 - Sacramento 1
TOP OF THE 3RD
Camden Sand Tigers batting - Pitching for Sacramento Amish : LHP Jeremy Fox
Batting: RHB Justyn Wylie 0-0: Foul Ball, location: 2F
0-1: Foul Ball, location: 2F
0-2: Strikes out swinging
Batting: RHB Cale Bacon 0-0: SINGLE (Line Drive, 56, EV 96.2 MPH)
Batting: RHB Joey King 0-0: Ball
1-0: Ball
2-0: Ball
3-0: Base on Balls
Cale Bacon to second
Batting: RHB Al Schaut 0-0: Ball
1-0: Foul Ball, location: 2F
1-1: Foul Ball, location: 2F
1-2: Foul Ball, location: 2F
1-2: SINGLE (Groundball, 4MD, EV 100.0 MPH)
Cale Bacon to third
Joey King to second
Runner from 3rd tries for Home, SAFE, throw by CF to home
Batting: SHB Jared Manning 0-0: Swinging Strike
0-1: Foul Ball, location: 2F
0-2: Fly out, F9 (Flyball, 89S, EV 80.6 MPH)
Batting: LHB Bradley Campbell 0-0: Called Strike
0-1: Ground out 1-3 (Groundball, P, EV 73.8 MPH)
Top of the 3rd over - 1 run, 2 hits, 0 errors, 2 left on base; Camden 4 - Sacramento 1
BOTTOM OF THE 3RD
Sacramento Amish batting - Pitching for Camden Sand Tigers : RHP Morgan Butler
Batting: RHB Blake Allen 0-0: Foul Ball, location: 2F
0-1: Ball
1-1: Ball
2-1: Called Strike
2-2: Ball
3-2: Ground out U3 (Groundball, 3, EV 107.5 MPH)
Batting: SHB Jackie Smitherman 0-0: Ball
1-0: Called Strike
1-1: Called Strike
1-2: Ball
2-2: Strikes out swinging, 2-3 out at first.
Batting: RHB Trinity Gonzalez 0-0: Ball
1-0: Fly out, F8 (Flyball, 8RD, EV 110.0 MPH)
Bottom of the 3rd over - 0 runs, 0 hits, 0 errors, 0 left on base; Camden 4 - Sacramento 1
TOP OF THE 4TH
Camden Sand Tigers batting - Pitching for Sacramento Amish : LHP Jeremy Fox
Batting: RHB Sylvester Krantz 0-0: Called Strike
0-1: Foul Ball, location: 2F
0-2: Ball
1-2: Ground out 6-3 (Groundball, 6MS, EV 68.8 MPH)
Batting: SHB Evan Doyon 0-0: Ball
1-0: Foul Ball, location: 2F
1-1: Foul Ball, location: 2F
1-2: Ball
2-2: Fly out, F9 (Flyball, 9D, EV 86.2 MPH)
Batting: RHB Arel Dennis 0-0: Ball
1-0: Foul Ball, location: 2F
1-1: Ground out 3-1 (Groundball, 34S, EV 73.1 MPH)
Top of the 4th over - 0 runs, 0 hits, 0 errors, 0 left on base; Camden 4 - Sacramento 1
BOTTOM OF THE 4TH
Sacramento Amish batting - Pitching for Camden Sand Tigers : RHP Morgan Butler
Batting: SHB Max Gilbert 0-0: Ball
1-0: Foul Ball, location: 2F
1-1: Ground out U3 (Groundball, 3, EV 76.9 MPH)
Batting: RHB Cole Boudreaux 0-0: Foul Ball, location: 2F
0-1: Ball
1-1: Fly out, F7 (Flyball, 7D, EV 103.1 MPH)
Batting: RHB Gavin Russell 0-0: Called Strike
0-1: Foul Ball, location: 2F
0-2: Fly out, F9 (Flyball, 89M, EV 80.0 MPH)
Bottom of the 4th over - 0 runs, 0 hits, 0 errors, 0 left on base; Camden 4 - Sacramento 1
TOP OF THE 5TH
Camden Sand Tigers batting - Pitching for Sacramento Amish : LHP Jeremy Fox
Batting: RHB Justyn Wylie 0-0: Foul Ball, location: 2F
0-1: Ball
1-1: Ball
2-1: Foul Ball, location: 2F
2-2: SINGLE (Groundball, 6D, EV 105.6 MPH)
Batting: RHB Cale Bacon 0-0: Called Strike
0-1: Ball
1-1: Hit by Pitch
Justyn Wylie to second
Batting: RHB Joey King 0-0: Foul Ball, location: 2F
0-1: Ball
1-1: DOUBLE (Flyball, 8RXD, EV 96.2 MPH)
Justyn Wylie scores
Cale Bacon to third
Pitching: RHP Freddy Walliyullah
Batting: RHB Al Schaut 0-0: Foul Ball, location: 2F
0-1: Ball
1-1: Ball
2-1: Foul Ball, location: 2F
2-2: Ball
3-2: Strikes out swinging
Batting: SHB Jared Manning 0-0: Swinging Strike
0-1: Ball
1-1: Foul Ball, location: 2F
1-2: Foul Ball, location: 2F
1-2: Ball
2-2: Fly out, F9 (Flyball, 89M, EV 81.2 MPH)
Batting: LHB Bradley Campbell 0-0: Ball
1-0: Hit by Pitch
Batting: RHB Sylvester Krantz 0-0: Ball
1-0: Swinging Strike
1-1: Swinging Strike
1-2: Strikes out swinging
Top of the 5th over - 1 run, 2 hits, 0 errors, 3 left on base; Camden 5 - Sacramento 1
BOTTOM OF THE 5TH
Sacramento Amish batting - Pitching for Camden Sand Tigers : RHP Morgan Butler
Batting: RHB Steven Bolden 0-0: Called Strike
0-1: Ball
1-1: Called Strike
1-2: Strikes out swinging
Batting: RHB Stefan Flynn 0-0: Ball
1-0: Foul Ball, location: 2F
1-1: Ground out 6-3 (Groundball, 6, EV 106.9 MPH)
Batting: LHB Logan Laughlin 0-0: Called Strike
0-1: Fly out, F8 (Line Drive, 8RD, EV 103.8 MPH)
Bottom of the 5th over - 0 runs, 0 hits, 0 errors, 0 left on base; Camden 5 - Sacramento 1
TOP OF THE 6TH
Camden Sand Tigers batting - Pitching for Sacramento Amish : RHP Freddy Walliyullah
Batting: SHB Evan Doyon 0-0: Ball
1-0: Fly out, F8 (Flyball, 8RM, EV 80.6 MPH)
Batting: RHB Arel Dennis 0-0: Fly out, F9 (Flyball, 89XD, EV 111.9 MPH)
Batting: RHB Justyn Wylie 0-0: Called Strike
0-1: Foul Ball, location: 2F
0-2: SOLO HOME RUN (Flyball, 78XD, EV 108.8 MPH), Distance : 420 ft
Batting: RHB Cale Bacon 0-0: Ball
1-0: Called Strike
1-1: Fly out, F9 (Flyball, 89XD, EV 85.0 MPH)
Top of the 6th over - 1 run, 1 hit, 0 errors, 0 left on base; Camden 6 - Sacramento 1
BOTTOM OF THE 6TH
Sacramento Amish batting - Pitching for Camden Sand Tigers : RHP Morgan Butler
Batting: RHB Blake Allen 0-0: Ball
1-0: Foul Ball, location: 2F
1-1: Ground out 1-3 (Groundball, 15S, EV 71.2 MPH)
Batting: SHB Jackie Smitherman 0-0: Called Strike
0-1: Foul Ball, location: 2F
0-2: Foul Ball, location: 2F
0-2: Ground out 6-3 (Groundball, 6S, EV 70.6 MPH)
Batting: RHB Trinity Gonzalez 0-0: Ball
1-0: Ground out U3 (Groundball, 34, EV 81.9 MPH)
Bottom of the 6th over - 0 runs, 0 hits, 0 errors, 0 left on base; Camden 6 - Sacramento 1
TOP OF THE 7TH
Camden Sand Tigers batting - Pitching for Sacramento Amish : RHP Freddy Walliyullah
Batting: RHB Joey King 0-0: Ball
1-0: Foul Ball, location: 2F
1-1: Ball
2-1: Swinging Strike
2-2: Strikes out swinging
Batting: RHB Al Schaut 0-0: Foul Ball, location: 2F
0-1: Swinging Strike
0-2: Strikes out swinging
Batting: SHB Jared Manning 0-0: Foul Ball, location: 2F
0-1: Ball
1-1: Swinging Strike
1-2: Foul Ball, location: 2F
1-2: Ground out 6-3 (Groundball, 6, EV 86.9 MPH)
Top of the 7th over - 0 runs, 0 hits, 0 errors, 0 left on base; Camden 6 - Sacramento 1
BOTTOM OF THE 7TH
Sacramento Amish batting - Pitching for Camden Sand Tigers : RHP Morgan Butler
Batting: SHB Max Gilbert 0-0: Ball
1-0: Fly out, F4 (Line Drive, 4M, EV 63.1 MPH)
Batting: RHB Cole Boudreaux 0-0: Called Strike
0-1: Ball
1-1: Swinging Strike
1-2: Ball
2-2: Strikes out looking
Batting: RHB Gavin Russell 0-0: Called Strike
0-1: Foul Ball, location: 2F
0-2: Strikes out looking
Bottom of the 7th over - 0 runs, 0 hits, 0 errors, 0 left on base; Camden 6 - Sacramento 1
TOP OF THE 8TH
Camden Sand Tigers batting - Pitching for Sacramento Amish : RHP Freddy Walliyullah
Batting: LHB Bradley Campbell 0-0: Foul Ball, location: 2F
0-1: Foul Ball, location: 2F
0-2: Ball
1-2: Ball
2-2: DOUBLE (Line Drive, 9LM, EV 101.2 MPH)
Pitching: RHP Tucker Scoggins
Batting: RHB Sylvester Krantz 0-0: DOUBLE (Line Drive, 78D, EV 106.2 MPH)
Bradley Campbell scores
Batting: SHB Evan Doyon 0-0: Ball
1-0: Foul Ball, location: 2F
1-1: Swinging Strike
1-2: Ball
2-2: Ground out U3 (Groundball, 13, EV 90.0 MPH)
Sylvester Krantz to third
Batting: RHB Arel Dennis 0-0: Ground out 2-3 (Groundball, 2L, EV 62.5 MPH)
Batting: RHB Justyn Wylie 0-0: Called Strike
0-1: Foul Ball, location: 2F
0-2: Ball
1-2: Strikes out swinging
Top of the 8th over - 1 run, 2 hits, 0 errors, 1 left on base; Camden 7 - Sacramento 1
BOTTOM OF THE 8TH
Sacramento Amish batting - Pitching for Camden Sand Tigers : RHP Morgan Butler
Batting: RHB Steven Bolden 0-0: Foul Ball, location: 2F
0-1: Ball
1-1: Swinging Strike
1-2: Ball
2-2: Foul Ball, location: 2F
2-2: Strikes out looking
Batting: RHB Stefan Flynn 0-0: Ball
1-0: Ball
2-0: Foul Ball, location: 2F
2-1: Foul Ball, location: 2F
2-2: Ball
3-2: SINGLE (Line Drive, 7LS, EV 99.4 MPH)
Batting: LHB Logan Laughlin 0-0: Foul Ball, location: 2F
0-1: Ball
1-1: Called Strike
1-2: Fielders Choice at 2nd, 5-4 (Groundball, 56, EV 83.8 MPH)
Batting: RHB Blake Allen 0-0: Called Strike
0-1: Ball
1-1: Foul Ball, location: 2F
1-2: Ball
2-2: Ball
3-2: DOUBLE (Line Drive, 7LM, EV 99.4 MPH)
Logan Laughlin to third
Logan Laughlin scores
Batting: SHB Jackie Smitherman 0-0: Ball
1-0: Ball
2-0: Foul Ball, location: 2F
2-1: Ball
3-1: Ground out U3 (Groundball, 3, EV 88.8 MPH)
Bottom of the 8th over - 1 run, 2 hits, 0 errors, 1 left on base; Camden 7 - Sacramento 2
TOP OF THE 9TH
Camden Sand Tigers batting - Pitching for Sacramento Amish : RHP Tucker Scoggins
Batting: RHB Cale Bacon 0-0: Ball
1-0: Ground out U3 (Groundball, 34, EV 89.4 MPH)
Batting: RHB Joey King 0-0: Ball
1-0: Foul Ball, location: 2F
1-1: Ball
2-1: Foul Ball, location: 2F
2-2: Strikes out swinging
Batting: RHB Al Schaut 0-0: Ball
1-0: Called Strike
1-1: Foul Ball, location: 2F
1-2: Ball
2-2: Strikes out swinging
Top of the 9th over - 0 runs, 0 hits, 0 errors, 0 left on base; Camden 7 - Sacramento 2
BOTTOM OF THE 9TH
Sacramento Amish batting - Pitching for Camden Sand Tigers : RHP Morgan Butler
Pitching: RHP Emery Reisdorf
Batting: RHB Trinity Gonzalez 0-0: Ball
1-0: Ball
2-0: Called Strike
2-1: Ball
3-1: Fly out, F7 (Flyball, 78S, EV 82.5 MPH)
Batting: SHB Max Gilbert 0-0: Ball
1-0: Called Strike
1-1: Foul Ball, location: 2F
1-2: Fly out, F9 (Flyball, 9LS, EV 80.6 MPH)
Batting: RHB Cole Boudreaux 0-0: Ball
1-0: Called Strike
1-1: Ball
2-1: Ball
3-1: Called Strike
3-2: Foul Ball, location: 2F
3-2: Foul Ball, location: 2F
3-2: Strikes out swinging
Bottom of the 9th over - 0 runs, 0 hits, 0 errors, 0 left on base; Camden 7 - Sacramento 2
Tuesday, March 19th , 2024 - OOTP Baseball 23.10 Build 110